 Dungeon Crawl Stone Soup version 0.29-a0-334-gb41bcbb86e (webtiles) character file.

Game seed: 17964926809477655949

46 zishaf the Skirmisher (level 3, -1/31 HPs)
             Began as a Palentonga Hunter on Apr 13, 2022.
             Was a Follower of Okawaru.
             Slain by a gnoll
             ... wielding a +0 spear
              (5 damage)
             ... on level 2 of the Dungeon.
             The game lasted 00:02:56 (1051 turns).

zishaf the Skirmisher (Palentonga Hunter)           Turns: 1051, Time: 00:02:57

Health: -1/31      AC:  8    Str: 14    XL:     3   Next: 46%
Magic:  2/4        EV: 12    Int:  9    God:    Okawaru [*.....]
Gold:   1          SH:  0    Dex: 15    Spells: 2/2 levels left

rFire   . . .      SeeInvis +   a - +1 hand crossbow
rCold   . . .      Faith    .   (no shield)
rNeg    + . .      Spirit   .   e - +0 leather armour
rPois   .          Reflect  .   s - +0 helmet
rElec   .          Harm     .   l - +0 cloak
rCorr   .          Rampage  .   j - +0 pair of gloves
Will    .....                   (no barding)
Stlth   +++.......              (no amulet)
HPRegen 0.10/turn               o - ring of positive energy
MPRegen 0.09/turn               (no ring)

@: heroic
A: large, rugged brown scales 3, see invisible, deformed body, roll 1, armoured
tail
a: Rolling Charge, Renounce Religion, Heroism


You were on level 2 of the Dungeon.
You worshipped Okawaru.
Okawaru was aware of your devotion.
You visited 1 branch of the dungeon, and saw 2 of its levels.

You collected 64 gold pieces.
You spent 63 gold pieces at shops.

Inventory:

Hand Weapons
 a - a +1 hand crossbow (weapon)
 b - a +2 spear of flaming
 m - a +0 short sword
Missiles
 g - 2 curare-tipped darts
Armour
 e - a +0 leather armour (worn)
 j - a +0 pair of gloves (worn)
 l - a +0 cloak (worn)
 s - a +0 helmet (worn)
Jewellery
 o - a ring of positive energy (left hand)
Scrolls
 c - a scroll of immolation
 f - a scroll of identify {unknown}
 k - a scroll of magic mapping {unknown}
Potions
 d - a potion of heal wounds {unknown}
 h - 2 potions of brilliance {unknown}
 i - a potion of might {unknown}
 n - a potion of curing {unknown}
 p - a potion of lignification {unknown}
 q - 3 potions of degeneration {unknown}
 r - a potion of magic {unknown}


   Skills:
 + Level 3.3(8.3) Fighting
 - Level 3.2(8.2) Crossbows
 - Level 1.5(6.5) Dodging
 - Level 0.5(5.5) Stealth
 + Level 2.0 Invocations


You had 2 spell levels left.
You didn't know any spells.
Your spell library was empty.

Dungeon Overview and Level Annotations

Branches:
Dungeon (2/15)

Altars:
Okawaru

Shops:
D:2 [


Innate Abilities, Weirdness & Mutations

You are completely covered in rugged brown scales. (AC +3, +7% HP)
You have supernaturally acute eyesight. (SInv)
Armour fits poorly on your strangely shaped body.
You can roll at nearby foes to attack.
You have a long armoured tail.


Message History

The gnoll hits you with a +0 whip.
You shoot a bolt. The bolt hits the gnoll!
You kill the gnoll!
Okawaru accepts your kill.
You shoot a bolt. The bolt hits the quokka.
You kill the quokka!
Okawaru accepts your kill.
The gnoll hits you from afar with a +0 spear.
Your Invocations skill increases to level 2!
You shoot a bolt. The bolt hits the gnoll.
The gnoll is moderately wounded.
The gnoll hits you from afar with a +0 spear.
The gnoll barely misses you.
The gnoll hits you from afar with a +0 spear.
The gnoll misses you.
You shoot a bolt. The bolt completely misses the gnoll.
The bolt hits the gnoll.
The gnoll is heavily wounded.
The gnoll hits you from afar with a +0 spear!
The gnoll hits you with a +0 whip.
* * * LOW HITPOINT WARNING * * *
You gain the combat prowess of a mighty hero.
The gnoll misses you. The gnoll hits you with a +0 whip.
* * * LOW HITPOINT WARNING * * *
Shoot: a) +1 hand crossbow
Press: ? - help, Q - select action, (/) - cycle Shift-Dir - straight line, f/p - gnoll
Aim: a gnoll, wielding a +0 whip (moderately wounded, 72% to hit)
You shoot a bolt. The bolt hits the gnoll.
The gnoll is heavily wounded.
The gnoll hits you from afar with a +0 spear.
* * * LOW HITPOINT WARNING * * *
The gnoll hits you with a +0 whip.
* * * LOW HITPOINT WARNING * * *
Shoot: a) +1 hand crossbow
Press: ? - help, Q - select action, (/) - cycle Shift-Dir - straight line, f/p - gnoll
Aim: a gnoll, wielding a +0 whip (heavily wounded, 72% to hit)
You shoot a bolt. The bolt hits the gnoll.
The gnoll is severely wounded.
The gnoll hits you from afar with a +0 spear.
You die...

#.## ...# ### ##.# # ..#
##.# #' #.# ##.# ... #.#
...# .... ### #.# ...#
..... ##.###.# ...###
.....K####...##.######.#
†....+
.....gg@................
...###
......####...##†######.#
..## ..... ##.#...# #.#
.... ###.### #.# ... #.#
..# #+# #.# ##########.#
#.# ........##.# #.#
.######.##.## #.#


You could see 2 gnolls and a kobold.

Vanquished Creatures
  A gnoll (D:2)
  An adder (D:2)
  A ball python (D:1)
  2 giant cockroaches (D:1)
  2 hobgoblins
  3 jackals (D:1)
  A quokka (D:2)
  6 bats (D:1)
  2 frilled lizards (D:1)
  2 goblins (D:1)
  4 kobolds (D:1)
  6 rats
31 creatures vanquished.

Notes
Turn   | Place    | Note
-------+----------+-------------------------------------------
     0 | D:1      | zishaf the Palentonga Hunter began the quest for the Orb.
     0 | D:1      | Reached XP level 1. HP: 17/17 MP: 1/1
   155 | D:1      | Found a faded altar of an unknown god.
   158 | D:1      | Prayed at the altar of an unknown god.
   158 | D:1      | Became a worshipper of Warmaster Okawaru
   158 | D:1      | Reached * piety under Okawaru
   271 | D:1      | Reached XP level 2. HP: 24/24 MP: 2/2
   329 | D:1      | Reached skill level 1 in Invocations
   942 | D:2      | Reached XP level 3. HP: 31/31 MP: 4/4
   987 | D:2      | Found Lumapt's Armour Shop.
   998 | D:2      | Bought a +0 helmet for 63 gold pieces
  1051 | D:2      | Slain by a gnoll

Illustrated notes

Levels and vault maps discovered:
D:1:      eino_arrival_water_cross, layout_basic,
          hellmonk_ecumenical_altar_inner_sanctum, st_stairs_7
D:2:      layout_loops_corners, serial_shops, shop, basic_altar,
          nrook_mini_vaults, minmay_misc_feat_diagonals

Skill      XL: |  1  2  3 |
---------------+----------+-----
Invocations    | 1 2 |  2.0
Fighting       | 3 |  3.3
Crossbows      | |  3.2
Dodging        | |  1.5
Stealth        | |  0.5

Action                   || total
-------------------------++-------
Melee: Short sword       ||     4
 Fire: Hand crossbow     ||    72
Invok: Heroism           ||     1
Armor: Leather armour    ||     9
Dodge: Dodged            ||    15

Table legend: (Time is in decaauts)
 A = Elapsed time spent in this place.
 B = Non-inter-level travel time spent in this place.
 C = Inter-level travel time spent in this place.
 D = Time resting spent in this place.
 E = Time spent auto-exploring this place.
 F = Levels seen in this place.
 G = Mean time per level.
                   A        B        C        D        E       F      G
               +--------+--------+--------+--------+--------+-----+--------+
         Total |   1075 |   1059 |     16 |      0 |    833 |   2 |  537.5 |
       Dungeon |   1075 |   1059 |     16 |      0 |    833 |   2 |  537.5 |
               +--------+--------+--------+--------+--------+-----+--------+

Top non-repeatable levels by time:
     D:1: 939 daAuts
     D:2: 135 daAuts
